 Dungeon Crawl Stone Soup version 0.29-a0-886-gfb1a3fa8b1 (webtiles) character file.

Game seed: 4688653508566640845

9 BritishOli the Slasher (level 2, 0/22 HPs)
             Began as a Demonspawn Gladiator on July 21, 2022.
             Constricted to death by a ball python (1 damage)
             ... on level 1 of the Dungeon.
             The game lasted 00:00:14 (135 turns).

BritishOli the Slasher (Demonspawn Gladiator)        Turns: 135, Time: 00:00:15

Health: 0/22       AC:  4    Str: 14    XL:     2   Next: 6%
Magic:  2/2        EV:  9    Int:  9    God:
Gold:   7          SH:  0    Dex: 14    Spells: 1/1 levels left

rFire   . . .      SeeInvis .   a - +0 long sword
rCold   . . .      Faith    .   (no shield)
rNeg    . . .      Spirit   .   b - +0 leather armour
rPois   .          Reflect  .   c - +0 helmet
rElec   .          Harm     .   (no cloak)
rCorr   .          Rampage  .   (no gloves)
Will    .....                   (no boots)
Stlth   +.........              (no amulet)
HPRegen 0.07/turn               (no ring)
MPRegen 0.08/turn               (no ring)

@: constricted
A: demonic guardian 1
a: no special abilities


You were on level 1 of the Dungeon.
You visited 1 branch of the dungeon, and saw 1 of its levels.

You collected 7 gold pieces.

Inventory:

Hand Weapons
 a - a +0 long sword (weapon)
Missiles
 d - 3 throwing nets (quivered)
 e - a javelin
Armour
 b - a +0 leather armour (worn)
 c - a +0 helmet (worn)


   Skills:
 + Level 2.2 Fighting
 + Level 2.8 Long Blades
 - Level 2.0 Throwing
 + Level 2.8 Dodging


You had one spell level left.
You didn't know any spells.
Your spell library was empty.

Dungeon Overview and Level Annotations

Branches:
Dungeon (1/15)

Altars:


Innate Abilities, Weirdness & Mutations

A weak demonic guardian rushes to your aid.


Message History

You feel the presence of a demonic guardian.
You barely miss the ball python. The ball python closely misses you.
The ball python grabs you. The ball python constricts you.
The goblin hits you but does no damage.
There are monsters nearby!
You hit the ball python but do no damage.
The ball python bites you but does no damage.
The ball python constricts you. The goblin hits you but does no damage.
The ball python bites you but does no damage.
The ball python constricts you.
You barely miss the ball python. The goblin closely misses you.
The ball python bites you. The ball python constricts you.
The goblin hits you with a +0 dagger.
You are too injured to fight recklessly!
You are too injured to fight recklessly!
You are too injured to fight recklessly!
You slash the goblin!
You kill the goblin!
The quokka bites you but does no damage.
The ball python bites you but does no damage.
The ball python constricts you.
The quokka bites you but does no damage.
The ball python bites you.
* * * LOW HITPOINT WARNING * * *
The ball python constricts you.
You completely miss the quokka.
The quokka bites you but does no damage.
The ball python bites you.
* * * LOW HITPOINT WARNING * * *
A demonic guardian appears!
The ball python constricts you.
* * * LOW HITPOINT WARNING * * *
The quokka bites you.
* * * LOW HITPOINT WARNING * * *
You slash the quokka!
You kill the quokka!
The ball python bites you but does no damage.
The ball python constricts you. The ball python bites you.
* * * LOW HITPOINT WARNING * * *
The ball python constricts you.
You die...

§≈#..#≈§§# §≈#''#≈≈≈# #
.. .#.#. ≈8≈≈≈§8≈≈# #.
#.. .#.. .
8≈§§§≈≈8≈###.##.##...#..
≈≈§§≈≈≈≈≈.#.....#.......
#.......#...............
........................
................S)......
...[..........5.@.......
........................
..............[.........
.......†.............[.#
........#.......#.....##
............#...#####.#
.............!..# ...
.........)#.....# #.
...........>....#


You could see a ball python (ally target) and a friendly white imp (summoned).

Vanquished Creatures
  A dart slug (D:1)
  A bat (D:1)
  2 endoplasms (D:1)
  A goblin (D:1)
  2 quokkas (D:1)
7 creatures vanquished.

Notes
Turn   | Place    | Note
-------+----------+-------------------------------------------
     0 | D:1      | BritishOli the Demonspawn Gladiator began the quest for the
                  | Orb.
     0 | D:1      | Reached XP level 1. HP: 16/16 MP: 1/1
   129 | D:1      | Gained mutation: A weak demonic guardian rushes to your
                  | aid. [demonic ancestry]
   129 | D:1      | Reached XP level 2. HP: 13/22 MP: 2/2
   135 | D:1      | HP: 1/22 [ball python (1)]
   135 | D:1      | Constricted to death by a ball python

Illustrated notes

Levels and vault maps discovered:
D:1:      lightli_arrival_boilingwater, layout_rooms, basic_ecumenical_altar,
          nicolae_wormholes

Skill      XL: |  1 |
---------------+----+-----
Throwing       | 2 |  2.0
Fighting       | |  2.2
Long Blades    | |  2.8
Dodging        | |  2.8

Action                   || total
-------------------------++-------
Melee: Long sword        ||    19
       Punch             ||     1
Armor: Leather armour    ||    12
Dodge: Dodged            ||    17

Table legend: (Time is in decaauts)
 A = Elapsed time spent in this place.
 B = Non-inter-level travel time spent in this place.
 C = Inter-level travel time spent in this place.
 D = Time resting spent in this place.
 E = Time spent auto-exploring this place.
 F = Levels seen in this place.
 G = Mean time per level.
                   A        B        C        D        E       F      G
               +--------+--------+--------+--------+--------+-----+--------+
         Total |    141 |    141 |      0 |      0 |    104 |   1 |  141.0 |
       Dungeon |    141 |    141 |      0 |      0 |    104 |   1 |  141.0 |
               +--------+--------+--------+--------+--------+-----+--------+

Top non-repeatable levels by time:
     D:1: 141 daAuts
